 Dungeon Crawl Stone Soup version 0.30.0-29-ga12c61a403 (webtiles) character file.

Game seed: 13483309114584226806

177 Sabo the Trooper (level 5, -4/46 HPs)
             Began as a Ghoul Monk on June 10, 2023.
             Slain by an iguana (6 damage)
             ... on level 4 of the Dungeon.
             The game lasted 00:14:00 (2617 turns).

Sabo the Trooper (Ghoul Monk)                       Turns: 2617, Time: 00:14:00

Health: -4/46      AC:  8    Str: 17    XL:     5   Next: 57%
Magic:  4/4        EV:  8    Int:  5    God:
Gold:   202        SH:  0    Dex: 11    Spells: 4/4 levels left

rFire   . . .        j - +0 war axe
rCold   + + .        d - orb {light}
rNeg    + + +        n - +0 chain mail
rPois   ∞            (no helmet)
rElec   .            (no cloak)
rCorr   .            (no gloves)
SInv    .            (no boots)
Will    .....        (no amulet) Stlth
                     m - ring of protection from cold
HPRegen 0.00/turn    (no ring)
MPRegen 0.09/turn

%: no passive effects
@: inhibited regen, glowing
A: claws 1, cold resistance 1, negative energy resistance 3, inhibited
regeneration, torment resistance 2, devour on kill
a: no special abilities


You were on level 4 of the Dungeon.
You visited 1 branch of the dungeon, and saw 4 of its levels.

You collected 202 gold pieces.

Inventory:

Hand Weapons
 j - a +0 war axe (weapon)
Missiles
 e - a throwing net (quivered)
Armour
 d - an orb of light (worn)
 n - a +0 chain mail (worn)
Jewellery
 m - a ring of protection from cold (left claw)
Scrolls
 a - a scroll of immolation {unknown}
 h - a scroll of silence {unknown}
 k - 3 scrolls of teleportation
 p - a scroll of enchant armour {unknown}
 q - a scroll of torment {unknown}
Potions
 b - a potion of flight
 c - 2 potions of ambrosia
 f - a potion of curing {unknown}
 g - a potion of heal wounds
 i - a potion of haste
 l - a potion of invisibility {unknown}
 o - a potion of might {unknown}
 r - a potion of lignification


   Skills:
 + Level 4.1 Fighting
 + Level 4.1 Axes
 + Level 1.8 Armour
 + Level 3.3 Dodging
 + Level 0.2 Stealth


You had 4 spell levels left.
You didn't know any spells.
Your spell library contained the following spells:

 Spells                   Type           Power      Damage    Failure   Level
 Shock                    Conj/Air       0%         1d3       99%         1
 Swiftness                Air            0%         N/A       100%        3
 Airstrike                Air            0%         2d(0-16)  100%        4


Dungeon Overview and Level Annotations

Branches:
Dungeon (4/15)
 Temple: D:4-7

Altars:
Uskayaw

Annotations:
D:1 1 transporter


Innate Abilities, Weirdness & Mutations

You are immune to poison.
You have sharp fingernails.
Your flesh is cold resistant. (rC+)
You are immune to negative energy. (rN+++)
You do not regenerate when monsters are visible.
You are immune to unholy pain and torment.
You thrive by killing the living.


Message History

Your Axes skill increases to level 4!
You have reached level 5!
You feel stronger.
Found 15 gold pieces.
Found a fuming inky potion.
Found a stone staircase leading down.
Natasha and an iguana come into view.
Natasha hisses angrily.
The iguana hisses angrily.
The iguana bites you! Natasha barely misses you.
You hit Natasha.
Natasha is moderately wounded.
You completely miss the iguana. The iguana barely misses you.
Natasha casts a spell at you. The magic dart hits you. The iguana bites you.
Natasha claws you but does no damage.
You hit Natasha.
Natasha is moderately wounded.
You hit the iguana. The iguana closely misses you. Natasha claws you!
You completely miss Natasha.
Natasha is moderately wounded.
You hit the iguana but do no damage.
Natasha mumbles some strange words.
The iguana barely misses you.
You barely miss Natasha.
Natasha is moderately wounded.
You hit the iguana but do no damage.
The iguana bites you but does no damage.
Natasha claws you but does no damage. The cerulean imp barely misses you.
The iguana bites you!
* * * LOW HITPOINT WARNING * * *
Natasha claws you.
* * * LOW HITPOINT WARNING * * *
You slash Natasha!
You kill Natasha!
Natasha screams in fury as she dies!
The cerulean imp disappears in a puff of smoke!
You hit the iguana but do no damage. The iguana barely misses you.
You slash the iguana!
The iguana is severely wounded.
The iguana bites you.
You die...

##.#.# #.# #.#.###.#
#.#...... #.#..##..
##############.#..##.#
#..§..............##.#
#.§....######.....##.#
#...l...#####...#.##..
#...†@..............##
#....$.....##.#.#.#.#
#.>....###.##.....#.#
.......... #.##.....#
#
........##.......)....
.##.!#.##
##.##......## #..#.
#.##......# #..#.
..........#


You could see an iguana.

Vanquished Creatures
  A scorpion (D:4)
  Natasha (D:4)
  2 adders
  2 dart slugs
  3 orcs (D:3)
  8 ball pythons
  7 endoplasms
  5 giant cockroaches
  7 goblins
  7 hobgoblins
  6 kobolds
  3 quokkas
  4 bats
  5 rats
61 creatures vanquished.

Notes
Turn   | Place    | Note
-------+----------+-------------------------------------------
     0 | D:1      | Sabo the Ghoul Monk began the quest for the Orb.
     0 | D:1      | Reached XP level 1. HP: 19/19 MP: 0/0
   202 | D:1      | Reached XP level 2. HP: 26/26 MP: 1/1
   485 | D:1      | Reached XP level 3. HP: 33/33 MP: 2/2
  1199 | D:2      | Found a faded altar of an unknown god.
  1562 | D:2      | Reached XP level 4. HP: 40/40 MP: 3/3
  1734 | D:3      | Found a hide-covered altar of Uskayaw.
  2030 | D:3      | Reached skill level 1 in Armour
  2590 | D:4      | Noticed a scorpion
  2599 | D:4      | Killed a scorpion
  2600 | D:4      | Reached XP level 5. HP: 40/46 MP: 4/4
  2608 | D:4      | Noticed Natasha
  2615 | D:4      | HP: 2/46 [Natasha (6)]
  2616 | D:4      | Killed Natasha
  2617 | D:4      | Slain by an iguana

Illustrated notes

Levels and vault maps discovered:
D:1:      spicycebolla_arrival_risky_transporter, layout_basic
D:2:      layout_loops_cross, shapermc_ecumenical_altar_mp_vishouse,
          grunt_decor_arrowhead
D:3:      layout_loops_cross, nicolae_overflow_crystal_walls,
          nicolae_tso_swordbearing_angel, minmay_strange_pillars,
          guppyfry_early_orc_mine
D:4:      layout_loops_ring, evilmike_ruin_ashenzari,
          cheibrodos_sewer_entry_sluice, minmay_goblin_outpost, uniq_natasha

Skill      XL: |  1  2  3  4 |
---------------+-------------+-----
Axes           | 3 4 |  4.1
Dodging        | 3 |  3.3
Armour         | 1 |  1.8
Fighting       | 4 |  4.1
Stealth        | |  0.2

Action                     |  1- 3 |  4- 6 || total
---------------------------+-------+-------++-------
  Melee: Hand axe          |   106 |    50 ||   156
         War axe           |       |    34 ||    34
    Use: Scroll            |       |     6 ||     6
 Armour: Leather armour    |     6 |       ||     6
         Ring mail         |    12 |       ||    12
         Scale mail        |    20 |    11 ||    31
         Chain mail        |       |    38 ||    38
  Dodge: Dodged            |    80 |    41 ||   121
